 Dungeon Crawl Stone Soup version 0.21.1-1-g345015fe64 (webtiles) character file.

6155 KleinerIrrer the Grappler (level 10, -2/59 HPs)
             Began as an Octopode Transmuter on Mar 25, 2018.
             Was a Believer of Wu Jian.
             Slain by an orc
             ... wielding a +0 flail
              (10 damage)
             ... on level 10 of the Dungeon.
             The game lasted 00:45:47 (13265 turns).

KleinerIrrer the Grappler (Octopode Transmuter)    Turns: 13265, Time: 00:45:48

Health: -2/59      AC:  2    Str: 16    XL:     10   Next: 90%
Magic:  13/13      EV: 13    Int: 16    God:    Wu Jian [**....]
Gold:   471        SH: 11    Dex: 12    Spells: 10/13 levels left

rFire    + . .     SeeInvis .     - Unarmed
rCold    . . .     Gourm    .   o - +0 shield
rNeg     . . .     Faith    .   (helmet restricted)
rPois    .         Spirit   .   (no amulet)
rElec    .         Reflect  .   g - +3 ring of strength
rCorr    .         Harm     .   (no ring)
MR       .....                  (no ring)
Stlth    ++........             (no ring)
HPRegen  0.19/turn              (no ring)
MPRegen  0.13/turn              (no ring)
                                (no ring)
                                (no ring)

@: lethally poisoned (-2 -> -3)
A: almost no armour, stealthy swim, amphibious, 8 rings, constrict 8, antennae
1, rugged brown scales 1, camouflage 1, fire resistance 1, gelatinous body 1
a: Wall Jump, Renounce Religion


You were on level 10 of the Dungeon.
You worshipped Wu Jian.
Wu Jian was pleased with you.
You were not hungry.

You visited 2 branches of the dungeon, and saw 11 of its levels.

You collected 471 gold pieces.

Inventory:

Hand Weapons
 h - a +0 blowgun
Missiles
 a - 70 arrows
 j - 5 curare-tipped needles
 t - 33 poisoned needles
Armour
 o - a +0 shield (worn)
Magical Staves
 A - an uncursed staff of death
Jewellery
 g - a +3 ring of strength (left tentacle)
Wands
 f - a wand of digging (10)
 E - a wand of acid (8)
 H - a wand of disintegration (9)
Scrolls
 d - 4 scrolls of amnesia
 l - a scroll of fog
 r - 2 scrolls of teleportation
 s - 8 scrolls of remove curse
 u - a scroll of blinking
 v - a scroll of holy word {unknown}
 w - 2 scrolls of magic mapping
 x - a scroll of immolation {unknown}
 y - a scroll of enchant armour {unknown}
 z - 2 scrolls of fear
 B - a scroll of enchant weapon {unknown}
Potions
 i - 2 potions of curing
 m - 2 potions of haste
 p - a potion of flight
 q - 2 potions of resistance
 D - a potion of agility
Books
 b - a book of Changes

   Spells                             Type                      Level
   a - Beastly Appendage              Transmutation                1
   b - Sticks to Snakes               Transmutation                2
   c - Spider Form                    Transmutation/Poison         3
   d - Ice Form                       Ice/Transmutation            4
   e - Blade Hands                    Transmutation                5
 e - a book of Callings

   Spells                             Type                      Level
   a - Summon Small Mammal            Summoning                    1
   b - Call Imp                       Summoning                    2
   c - Call Canine Familiar           Summoning                    3
   d - Summon Guardian Golem          Hexes/Summoning              3
   e - Summon Lightning Spire         Summoning/Air                4
   f - Summon Ice Beast               Ice/Summoning                4
 k - a book of Flames

   Spells                             Type                      Level
   a - Flame Tongue                   Conjuration/Fire             1
   b - Throw Flame                    Conjuration/Fire             2
   c - Conjure Flame                  Conjuration/Fire             3
   d - Inner Flame                    Hexes/Fire                   3
   e - Sticky Flame                   Conjuration/Fire             4
   f - Fireball                       Conjuration/Fire             5
 n - a book of Necromancy

   Spells                             Type                      Level
   a - Pain                           Necromancy                   1
   b - Animate Skeleton               Necromancy                   1
   c - Vampiric Draining              Necromancy                   3
   d - Regeneration                   Charms/Necromancy            3
   e - Animate Dead                   Necromancy                   4
   f - Borgnjor's Vile Clutch         Necromancy/Earth             5
 C - a book of Frost

   Spells                             Type                      Level
   a - Freeze                         Ice                          1
   b - Throw Frost                    Conjuration/Ice              2
   c - Ozocubu's Armour               Charms/Ice                   3
   d - Throw Icicle                   Conjuration/Ice              4
   e - Summon Ice Beast               Ice/Summoning                4
 F - a book of Transfigurations

   Spells                             Type                      Level
   a - Irradiate                      Conjuration/Transmutation    5
   b - Statue Form                    Transmutation/Earth          6
   c - Hydra Form                     Transmutation                6
   d - Dragon Form                    Transmutation                7
Comestibles
 c - 11 rations


   Skills:
 - Level 1.0 Fighting
 * Level 4.1 Dodging
 * Level 8.7 Shields
 + Level 12.8 Unarmed Combat
 - Level 2.0 Spellcasting
 * Level 2.9 Transmutations


You had 10 spell levels left.
You knew the following spells:

 Your Spells              Type           Power        Failure   Level  Hunger
a - Beastly Appendage     Tmut           ##....       14%         1    #......
b - Sticks to Snakes      Tmut           ##......     21%         2    ###....


Dungeon Overview and Level Annotations

Branches:
Dungeon (10/15)            Temple (1/1) D:6
   Lair: D:8-11         Orc: D:9-12

Altars:
Ashenzari
Cheibriados
Dithmenos
Fedhas
Gozag
Hepliaklqana
Qazlal
Sif Muna
Uskayaw
Vehumet
Wu Jian
Xom
Yredelemnul
Zin

Annotations:
D:9 Danqa's ghost, novice FoFi


Innate Abilities, Weirdness & Mutations

You cannot wear most types of armour.
You are very stealthy in the water. (Stealth+)
You are amphibious.
You can wear up to eight rings at the same time.
You can use your tentacles to constrict eight enemies at once.
Your skin changes colour to match your surroundings (Stealth+).
Your rubbery body absorbs attacks. (AC +1, EV +1)
You have a pair of small antennae on your head.
You are partially covered in rugged brown scales. (AC +1, +3% HP)
Your flesh is heat resistant. (rF+)


Message History

Your transformation is almost over.
You feel sick.
You feel sick.
You feel sick.
You feel sick.
You feel sick.
You feel sick.
You feel sick.
Your tentacle spike disappears.
You feel sick.
You feel sick.
You feel sick.
You feel sick.
You feel sick.
You feel sick.
You feel sick.
All of the chunks of flesh in your inventory have rotted away.
There is a stone staircase leading up here.
The orc hits you with a flail!
You die...

#.o.....#
#...O...# #.#
#..<....# #.#
####.#### #.# .#
... .. #.# ### #.#
##.## #
######.@.###### #
.......oh.....# #
######....###.# #
##############.#.#
#.#
#..........h...#)#
#.#
#.##############.#
#.# #.# #.# #.#
###h# #.# #.#
h...# #.# #.#


You could see an orc and a jackal.

Vanquished Creatures
  2 two-headed ogres
  A hornet (D:8)
  2 hippogriffs (D:9)
  Sigmund (D:2)
  3 hungry ghosts
  A soldier ant (D:10)
  A water moccasin (D:9)
  2 ice beasts
  2 orc warriors
  A sky beast (D:8)
  A black bear (D:8)
  3 phantoms
  2 ogres
  A necrophage (D:9)
  A centaur (D:7)
  2 bullfrogs
  A gnoll sergeant (D:8)
  A scorpion (D:4)
  A water moccasin skeleton (D:10)
  A killer bee (D:10)
  4 howler monkeys
  5 wights
  4 crimson imps
  A bullfrog zombie (D:9)
  2 jellies (D:8)
  5 orc priests
  5 hounds
  2 centaur skeletons
  12 orc wizards
  A bullfrog skeleton (D:4)
  3 iguanas
  5 worker ants
  8 gnolls
  A howler monkey skeleton (D:4)
  9 adders
  3 shadow imps
  2 oozes (D:1)
  An adder zombie (D:7)
  An adder skeleton (D:7)
  3 worms
  A dart slug (D:3)
  5 leopard geckos
  38 orcs
  3 giant cockroaches
  7 goblins
  11 hobgoblins
  14 jackals
  6 quokkas
  2 ball pythons (D:1)
  A bat (D:1)
  3 frilled lizards
  8 kobolds
  8 rats
214 creatures vanquished.

Notes
Turn   | Place    | Note
-------+----------+-------------------------------------------
     0 | D:1      | KleinerIrrer the Octopode Transmuter began the quest for the Orb.
     0 | D:1      | Reached XP level 1. HP: 13/13 MP: 3/3
    83 | D:1      | Reached XP level 2. HP: 3/18 MP: 5/5
   397 | D:1      | Reached skill level 4 in Unarmed Combat
   598 | D:1      | Reached XP level 3. HP: 21/23 MP: 6/6
   950 | D:1      | Learned a level 2 spell: Sticks to Snakes
  1536 | D:2      | Found a shattered altar of Ashenzari.
  1565 | D:2      | Reached XP level 4. HP: 28/28 MP: 7/7
  1664 | D:2      | Noticed Sigmund
  1989 | D:2      | Killed Sigmund
  1989 | D:2      | Reached skill level 6 in Unarmed Combat
  1989 | D:2      | Reached XP level 5. HP: 22/33 MP: 0/8
  2260 | D:2      | Found a deep blue altar of Sif Muna.
  2671 | D:3      | Found a hide-covered altar of Uskayaw.
  2861 | D:3      | Found a radiant altar of Vehumet.
  3204 | D:4      | Reached XP level 6. HP: 33/38 MP: 9/9
  3401 | D:4      | Reached skill level 7 in Unarmed Combat
  3971 | D:4      | Reached XP level 7. HP: 27/43 MP: 10/10
  4451 | D:4      | Reached skill level 8 in Unarmed Combat
  4641 | D:4      | Reached skill level 1 in Shields
  4726 | D:5      | Entered Level 5 of the Dungeon
  5179 | D:5      | Found a shadowy altar of Dithmenos.
  6517 | D:4      | HP: 2/43 [poisoned by a scorpion]
  6869 | D:5      | Gained mutation: You are somewhat resistant to further mutation. [potion of mutation]
  6869 | D:5      | Gained mutation: You are frail. (-10% HP) [potion of mutation]
  6869 | D:5      | Gained mutation: You are partially covered in molten scales. (AC +2) [potion of mutation]
  6932 | D:5      | Reached XP level 8. HP: 28/43 MP: 11/11
  7272 | D:6      | Found a staircase to the Ecumenical Temple.
  7282 | Temple   | Entered the Ecumenical Temple
  7390 | Temple   | Became a worshipper of the Wu Jian Council
  7436 | D:6      | Reached skill level 5 in Shields
  7964 | D:6      | Found a shimmering altar of Xom.
  8303 | D:7      | Reached skill level 9 in Unarmed Combat
  9513 | D:7      | Reached XP level 9. HP: 32/47 MP: 12/12
  9540 | D:7      | Reached * piety under Wu Jian
  9646 | D:6      | Reached skill level 10 in Unarmed Combat
 10148 | D:7      | Found an opulent altar of Gozag.
 11034 | D:8      | Found a hazy altar of Hepliaklqana.
 11034 | D:8      | Found a shadowy altar of Dithmenos.
 11037 | D:8      | Found a blossoming altar of Fedhas.
 11038 | D:8      | Found a snail-covered altar of Cheibriados.
 11111 | D:8      | Lost mutation: You are somewhat resistant to further mutation. [potion of mutation]
 11111 | D:8      | Lost mutation: You are frail. (-10% HP) [potion of mutation]
 11111 | D:8      | Lost mutation: You are partially covered in molten scales. (AC +2) [potion of mutation]
 11111 | D:8      | Gained mutation: Your flesh is heat resistant. (rF+) [potion of mutation]
 11111 | D:8      | Gained mutation: You are partially covered in rugged brown scales. (AC +1, +3% HP) [potion of mutation]
 11111 | D:8      | Gained mutation: You have a pair of small antennae on your head. [potion of mutation]
 11146 | D:8      | Noticed a hornet
 11150 | D:8      | Killed a hornet
 11150 | D:8      | Reached skill level 11 in Unarmed Combat
 11713 | D:8      | Reached XP level 10. HP: 53/59 MP: 11/13
 11764 | D:9      | Noticed a two-headed ogre
 11780 | D:9      | Killed a two-headed ogre
 11986 | D:9      | Reached skill level 12 in Unarmed Combat
 12126 | D:9      | Reached ** piety under Wu Jian
 12496 | D:9      | Noticed Danqa's ghost (novice FoFi)
 12838 | D:10     | Entered Level 10 of the Dungeon
 12838 | D:10     | Noticed a two-headed ogre
 13073 | D:10     | Killed a two-headed ogre
 13265 | D:10     | Slain by an orc

Skill      XL: |  1  2  3  4  5  6  7  8  9 10 |
---------------+-------------------------------+-----
Unarmed Combat | 4 6 7 8 9 11 12 | 12.8
Shields        | 4 6 7 8 |  8.7
Dodging        | 4 |  4.1
Fighting       | |  1.0
Spellcasting   | |  2.0
Transmutations | |  2.9

Action                   |  1- 3 |  4- 6 |  7- 9 | 10-12 || total
-------------------------+-------+-------+-------+-------++-------
Melee: Unarmed           |    64 |    92 |   379 |   108 ||   643
       Tentacles         |    13 |    19 |    59 |    15 ||   106
       Constrict         |    16 |    16 |    71 |    16 ||   119
       Punch             |     1 |     5 |    21 |    12 ||    39
       Kick              |       |     2 |    12 |    20 ||    34
 Cast: Sticks to Snakes  |       |    10 |     3 |       ||    13
       Beastly Appendage |       |     3 |     9 |    11 ||    23
Invok: Lunge             |       |       |    25 |    17 ||    42
       Whirlwind         |       |       |     3 |     1 ||     4
       Wall Jump         |       |       |       |     4 ||     4
  Use: Potion            |       |       |     7 |       ||     7
       Scroll            |       |       |    11 |     4 ||    15
 Stab: Sleeping          |     3 |     5 |     4 |     2 ||    14
  Eat: Chunk             |     2 |     5 |    26 |     5 ||    38
       Ration            |       |     1 |     5 |       ||     6
Armor: Skin              |     8 |     2 |    17 |     4 ||    31
Dodge: Dodged            |    39 |    50 |    92 |    19 ||   200
Block: Shield            |       |     1 |   101 |    40 ||   142
